Cogmind - Beta 11 @@@ ROGUE MODE // 2022.04.17 @ 02:20:07 // Winter2019/RPGLIKE Player: Rainynight Result: Destroyed by G-50 Soldier with Heavy Laser Performance ------------- Evolutions (2) 1000 Regions Visited (5) 1000 Robots Destroyed (36) 180 Value Destroyed (1017) 1017 Prototype IDs (23) 460 Alien Tech Used (0) 0 Bonus (283) 283 TOTAL SCORE: 3940 Bonus ------- High Alert Combat Kills 55 Follower Combat Kills 85 Aligned with FarCom 300 Friendly Fire -157 Cogmind --------- Core Integrity 0/800 Matter 283/300 Energy 320/350 System Corruption 0% Temperature Cool (9) Movement Walking (190) Ox1 Location -8/Materials Parts ------- > --- POWER (1) -------- (None) > --- PROPULSION (2) --- Aluminum Leg > --- UTILITY (2) ------ Terrain Scanner > --- WEAPON (3) ------- Ion Cannon YOLO Cannon > --- INVENTORY (2) ---- (None) Peak State ------------ > --- POWER ------------ Light Deuterium Engine > --- PROPULSION ------- Aluminum Leg > --- UTILITY ---------- Terrain Scanner > --- WEAPON ----------- Heavy Particle Cannon YOLO Cannon > --- INVENTORY -------- (None) [Rating: 28] Favorites ----------- Power Light Deuterium Engine Engine Light Deuterium Engine Propulsion Aluminum Leg Leg Aluminum Leg Utility Terrain Scanner Device Terrain Scanner Weapon Small Laser Energy Gun Small Laser Energy Cannon Heavy Particle Cannon Ballistic Gun Light Assault Rifle Build | -11 -10 -10 -10 -9 -8 ------- Run | Scr Mat Min Exi Min Mat Slots Evolved 4 | 2 . . . . 2 Power . | . . . . . . Propulsion 1 | . . . . . 1 Utility 1 | . . . . . 1 Weapon 2 | 2 . . . . . Parts Attached 18 | 2 8 6 1 . 1 Power 2 | . . 2 . . . Engine 2 | . . 2 . . . Core . | . . . . . . Reactor . | . . . . . . Propulsion 1 | . . 1 . . . Treads . | . . . . . . Leg 1 | . . 1 . . . Wheel . | . . . . . . Hover . | . . . . . . Flight . | . . . . . . Utility 3 | . 3 . . . . Device 3 | . 3 . . . . Storage . | . . . . . . Processor . | . . . . . . Hackware . | . . . . . . Protection . | . . . . . . Artifact . | . . . . . . Weapon 12 | 2 5 3 1 . 1 Energy Gun 6 | . 4 2 . . . Energy Cannon 4 | . 1 1 1 . 1 Ballistic Gun 2 | 2 . . . . . Ballistic Cannon . | . . . . . . Launcher . | . . . . . . Special Weapon . | . . . . . . Impact Weapon . | . . . . . . Slashing Weapon . | . . . . . . Piercing Weapon . | . . . . . . Special Melee Weapon . | . . . . . . Unidentified Prototypes . | . . . . . . Parts Lost . | . . . . . . Power . | . . . . . . Propulsion . | . . . . . . Utility . | . . . . . . Weapon . | . . . . . . Highest Loss Streak . | . . . . . . To Critical Strikes . | . . . . . . Average Slot Usage (%) 92 | . 95 100 91 83 68 Engine 15 | . 16 16 16 16 13 Leg 15 | . 16 16 16 16 13 Device 15 | . 11 16 16 16 13 Energy Gun 21 | . 24 33 17 . . Energy Cannon 20 | . 14 16 23 33 27 Ballistic Gun 1 | . 9 . . . . Naked Turns . | . . . . . . Heaviest Build 30 | 10 12 18 30 30 30 Greatest Support 15 | 15 15 15 15 15 15 Greatest Overweight (x) 1 | . . 1 1 1 1 Average Overweight (x) . | . . . . 1 1 Largest Inventory Capacity 2 | . . . . . 2 Average Capacity . | . . . . . . Most Carried . | . . . . . . Average Carried . | . . . . . . Final Capacity 2 | . . . . . 2 Final Carried . | . . . . . . Class Distribution -------------------- 84% | Skirmisher 15% | Gunner Dominant Class ---------------- Gunner | -10/Materials Skirmisher | -10/Mines Skirmisher | -10/Exiles Skirmisher | -9/Mines Skirmisher | -8/Materials Resources | -11 -10 -10 -10 -9 -8 ----------- Run | Scr Mat Min Exi Min Mat Matter Collected 402 | 200 132 70 . . . Remotely . | . . . . . . Salvage Created 1068 | . 389 203 . . 476 Parts 60 | . 27 8 . . 25 Haulers Intercepted 2 | . 1 . . . 1 Recyclers Shooed . | . . . . . . Parts Field Recycled . | . . . . . . Retrieved Matter . | . . . . . . Parts Self-Destructed . | . . . . . . Prevented . | . . . . . . Kills | -11 -10 -10 -10 -9 -8 ------- Run | Scr Mat Min Exi Min Mat Combat Hostiles Destroyed 36 | . 9 16 . . 11 Guns 14 | . 4 10 . . . Cannons 12 | . 4 6 . . 2 AOE 6 | . . . . . 6 Classes Destroyed 12 | . 6 3 . . 3 Worker 3 | . 1 . . . 2 Builder 5 | . . 1 . . 4 Hauler 2 | . 1 . . . 1 Recycler 1 | . 1 . . . . Mechanic 1 | . . . . . 1 Operator 1 | . 1 . . . . Swarmer 5 | . 5 . . . . Grunt 13 | . 4 . . . 9 Duelist 1 | . . . . . 1 Sentry 1 | . . . . . 1 Demolisher 2 | . . 2 . . . Assembled 14 | . . 14 . . . Thug 1 | . . . . . 1 Best Kill Streak 15 | . 5 6 . . 15 Combat Bots Only 8 | . 5 6 . . 8 Max Kills in Single Turn 5 | . 1 1 . . 5 Gunslinging . | . . . . . . Exploded 2 | . . . . . 2 Melee . | . . . . . . Uniques/NPCs Destroyed . | . . . . . . Combat | -11 -10 -10 -10 -9 -8 -------- Run | Scr Mat Min Exi Min Mat Damage Taken 1983 | . 310 678 . . 995 Core 1637 | . 249 576 . . 812 Absorbed by Shields . | . . . . . . Redirected to Core 1213 | . 200 357 . . 656 Core Remaining (%) 100 | 100 . . . 100 . Volleys Fired 82 | . 34 39 . . 9 Largest 3 | . 3 3 . . 1 Hottest 201 | . 140 201 . . 100 Shots Fired 226 | . 102 115 . . 9 Gun 144 | . 68 76 . . . Cannon 82 | . 34 39 . . 9 Launcher . | . . . . . . Special . | . . . . . . Kinetic 22 | . 22 . . . . Thermal 204 | . 80 115 . . 9 Explosive . | . . . . . . Electromagnetic . | . . . . . . Robot Hit Streak 12 | . 8 12 . . 4 Robot Miss Streak 5 | . 5 4 . . 1 Penetration Max . | . . . . . . Secondary Targets . | . . . . . . Shots Hit Robots 126 | . 57 64 . . 5 Core Hits 62 | . 20 30 . . 12 Critical Kills 4 | . . . . . 4 Critical Parts Destroyed . | . . . . . . Critical Strikes 4 | . . . . . 4 Meltdown 4 | . . . . . 4 Melee Attacks . | . . . . . . Impact . | . . . . . . Slashing . | . . . . . . Piercing . | . . . . . . Sneak Attacks . | . . . . . . Combat Hostiles . | . . . . . . Follow-up Attacks . | . . . . . . Damage Inflicted 4003 | . 770 760 . . 2473 Guns 899 | . 401 498 . . . Cannons 1430 | . 369 262 . . 799 Explosions 1673 | . . . . . 1673 Melee . | . . . . . . Ramming 1 | . . . . . 1 Kinetic 105 | . 105 . . . . Thermal 3897 | . 665 760 . . 2472 Explosive . | . . . . . . Electromagnetic . | . . . . . . Impact . | . . . . . . Slashing . | . . . . . . Piercing . | . . . . . . Highest Corruption . | . . . . . . Average Corruption . | . . . . . . Corruption Purged . | . . . . . . Corruption Blocked . | . . . . . . Overload Shots . | . . . . . . Overflow Damage 377 | . 6 . . . 371 Projectiles 294 | . 6 . . . 288 Explosions 83 | . . . . . 83 Melee . | . . . . . . Knockbacks . | . . . . . . Impact . | . . . . . . Kinetic . | . . . . . . Secondary . | . . . . . . Self-Inflicted Damage 131 | . . . . . 131 Shots 2 | . . . . . 2 Rammed . | . . . . . . Targets Rammed 1 | . . . . . 1 Kicked 1 | . . . . . 1 Crushed . | . . . . . . Highest Temperature 144 | . 24 144 . . 18 Average Temperature 18 | . 10 21 . . 18 Received Heat Transfer 453 | . 69 60 . . 324 Siege Activations . | . . . . . . Robots Corrupted . | . . . . . . Combat Hostiles . | . . . . . . Parts Fried . | . . . . . . Impact Corruptions . | . . . . . . Robots Melted 5 | . 1 . . . 4 Combat Hostiles 4 | . 1 . . . 3 Parts Melted 13 | . 4 . . . 9 Heat Transferred 5405 | . 1452 1692 . . 2261 Parts Sabotaged . | . . . . . . Parts Stolen . | . . . . . . Parts Stripped . | . . . . . . Power Chain Reactions . | . . . . . . Missiles Intercepted . | . . . . . . Alert | -11 -10 -10 -10 -9 -8 ------- Run | Scr Mat Min Exi Min Mat Peak Influence 542 | . 300 227 . . 542 Initial 117 | . . 117 . . . Average 86 | . 123 96 . . 117 Maximum Alert Level 2 | . 1 1 . . 2 Low Security (%) 83 | 100 75 82 . 100 76 Level 1 15 | . 24 17 . . 16 Level 2 . | . . . . . 6 Level 3 . | . . . . . . Level 4 . | . . . . . . Level 5 . | . . . . . . High Security . | . . . . . . Max Security . | . . . . . . Squads Dispatched 6 | . 3 2 . . 1 Investigation 2 | . 1 1 . . . Extermination . | . . . . . . Reinforcement 2 | . 2 . . . . Assault 2 | . . 1 . . 1 Garrison . | . . . . . . Intercept . | . . . . . . Searches Triggered . | . . . . . . Construction Impeded . | . . . . . . Haulers Reinforced . | . . . . . . Active Scanning Responses . | . . . . . . Cargo Convoy Interrupts . | . . . . . . Stealth | -11 -10 -10 -10 -9 -8 --------- Run | Scr Mat Min Exi Min Mat Distress Signals 2 | . 1 1 . . . Communications Jammed . | . . . . . . Distress Signals . | . . . . . . Times Spotted 56 | . 19 21 . . 16 Peak Tracking Total 13 | . 7 4 . . 13 Tactical Retreats 2 | . . 2 . . . Traps | -11 -10 -10 -10 -9 -8 ------- Run | Scr Mat Min Exi Min Mat Traps Triggered 1 | . 1 . . . . Indirectly . | . . . . . . Trap Hack Attempts . | . . . . . . Triggered . | . . . . . . Disarmed . | . . . . . . Reprogrammed . | . . . . . . Reused . | . . . . . . Traps Extracted . | . . . . . . Installed 5 | . . 5 . . . Triggered . | . . . . . . Machines | -11 -10 -10 -10 -9 -8 ---------- Run | Scr Mat Min Exi Min Mat Machines Disabled 4 | . 1 . . . 3 Max in Single Turn 2 | . 1 . . . 2 Garrison Access 1 | . . . . . 1 Machines Sabotaged . | . . . . . . Garrisons Compromised . | . . . . . . Overloaded Fab Kills . | . . . . . . Hacking | -11 -10 -10 -10 -9 -8 --------- Run | Scr Mat Min Exi Min Mat Machines Accessed 3 | . 1 1 1 . . Terminals 1 | . 1 . . . . Fabricators . | . . . . . . Repair Stations . | . . . . . . Recycling Units . | . . . . . . Scanalyzers . | . . . . . . Garrison Access . | . . . . . . Total Hacks 4 | . 2 1 1 . . Successful 4 | . 2 1 1 . . Failed . | . . . . . . Catastrophic . | . . . . . . Database Lockouts . | . . . . . . Manual 2 | . 1 . 1 . . Terminals 2 | . 2 . . . . Fabricators . | . . . . . . Repair Stations . | . . . . . . Recycling Units . | . . . . . . Scanalyzers . | . . . . . . Garrison Access . | . . . . . . Terminal Hacks 4 | . 2 1 1 . . Open Door 1 | . . 1 . . . Locate Traps 1 | . 1 . . . . Recall Reinforcements 1 | . 1 . . . . EX-Prototype ID Bank 1 | . . . 1 . . Fabricator Hacks . | . . . . . . Repair Station Hacks . | . . . . . . Recycling Unit Hacks . | . . . . . . Scanalyzer . | . . . . . . Garrison Access Hacks . | . . . . . . Unauthorized Hacks . | . . . . . . Terminals . | . . . . . . Fabricators . | . . . . . . Repair Stations . | . . . . . . Recycling Units . | . . . . . . Scanalyzers . | . . . . . . Garrison Access . | . . . . . . Data Cores Recovered . | . . . . . . Used . | . . . . . . Hacking Detections 1 | . 1 . . . . Full Trace Events . | . . . . . . Feedback Events . | . . . . . . Feedback Blocked . | . . . . . . Robot Schematics Acquired . | . . . . . . Robots Built . | . . . . . . Authchips . | . . . . . . Time . | . . . . . . Total Robot Build Rating . | . . . . . . Part Schematics Acquired . | . . . . . . Parts Built . | . . . . . . Authchips . | . . . . . . Time . | . . . . . . Total Part Build Rating . | . . . . . . Parts Repaired . | . . . . . . Time . | . . . . . . Parts Recycled . | . . . . . . Recycled Matter . | . . . . . . Retrieved Matter . | . . . . . . Retrieved Components . | . . . . . . Parts Scanalyzed . | . . . . . . Part Schematics Acquired . | . . . . . . Parts Damaged . | . . . . . . Bothacking | -11 -10 -10 -10 -9 -8 ------------ Run | Scr Mat Min Exi Min Mat Used RIF Installer . | . . . . . . Robots Hacked . | . . . . . . Non-combat . | . . . . . . Combat . | . . . . . . Robot Hacks Applied . | . . . . . . Relay Couplers Released 1 | . . . . . 1 Machine Destruction 1 | . . . . . 1 Fabnet Peak Effective % . | . . . . . . Robots Rewired . | . . . . . . Allies Hacked . | . . . . . . Hacks Repelled . | . . . . . . Allies | -11 -10 -10 -10 -9 -8 -------- Run | Scr Mat Min Exi Min Mat Total Allies 1 | . . 1 . . . Largest Group 1 | . . 1 1 1 1 Highest-Rated Group 31 | . . 31 31 31 31 Highest-Rated Ally 31 | . . 31 31 31 31 Total Orders . | . . . . . . Ally Attacks 18 | . . 7 . . 11 Total Damage 255 | . . 151 . . 104 Kills 3 | . . 3 . . . Allies Corrupted . | . . . . . . Allies Melted . | . . . . . . Intel | -11 -10 -10 -10 -9 -8 ------- Run | Scr Mat Min Exi Min Mat Robot Analysis Total . | . . . . . . Derelict Logs Recovered 2 | . . 2 . . . Drone Launches . | . . . . . . Drone Recoveries . | . . . . . . Exploration | -11 -10 -10 -10 -9 -8 ------------- Run | Scr Mat Min Exi Min Mat Turns Passed 2587 | 8 387 1149 403 382 258 Spaces Moved 1325 | 5 201 589 213 202 115 Core . | . . . . . . Treads . | . . . . . . Legs 1325 | 5 201 589 213 202 115 Wheels . | . . . . . . Hover . | . . . . . . Flight . | . . . . . . Fastest Speed 120 | 120 120 120 120 190 190 Average Speed 162 | 120 120 152 188 190 190 Slowest Speed 190 | 120 120 190 190 190 190 Overloaded Moves . | . . . . . . Propulsion Burnouts . | . . . . . . Robots Hopped . | . . . . . . Cave-ins Triggered . | . . . . . . Exploration Rate (%) 45 | 1 53 87 63 41 26 Regions Visited 5 Branch Regions 3 Pre-discovered Areas 1 | . . 1 . . . Known Exits Taken . | . . . . . . Unknown Exits Taken 5 | 1 1 1 1 1 . Scrap Searched 1 | . . 1 . . . Spaces Dug 2 | . . 2 . . . Terrain Destroyed 72 | . . 4 . . 68 Melee . | . . . . . . Projectile 5 | . . 4 . . 1 AOE 67 | . . . . . 67 Terrain Rammed . | . . . . . . Walls Destroyed . | . . . . . . Machines Disabled . | . . . . . . Actions | -11 -10 -10 -10 -9 -8 --------- Run | Scr Mat Min Exi Min Mat Total 1578 | 6 273 756 215 201 127 Wait 96 | . 21 75 . . . Move 1320 | 4 200 588 212 201 115 Hop . | . . . . . . Pick Up . | . . . . . . Fast Attach 9 | 2 5 . 1 . 1 Attach . | . . . . . . Detach . | . . . . . . Swap 9 | . 3 6 . . . Drop 16 | . 7 6 2 . 1 Fire 82 | . 34 39 . . 9 Melee . | . . . . . . Ram . | . . . . . . Kick 1 | . . . . . 1 Crush . | . . . . . . Escape Stasis . | . . . . . . Rewire . | . . . . . . Trap 5 | . . 5 . . . Miscellaneous 40 | . 3 37 . . . Route ------- -11/Scrapyard -10/Materials (discovered 2 exits: [*Mat] / *Min) -10/Mines (discovered 3 exits: [*Mat x2] / *Exi) -10/Exiles -9/Mines -8/Materials History --------- Turn | Location | Event 1 | -11/Scrapyard | Upgraded with Weapon slot (x2) 1 | -11/Scrapyard | Discovered new exit (range 1) 9 | -11/Scrapyard | Entered Materials 178 | -10/Materials | Discovered new exit (range 5) 306 | -10/Materials | Build established: Gunner 379 | -10/Materials | Discovered new exit (range 13) 396 | -10/Materials | Entered Mines 397 | -10/Mines | Assembled infested the area 398 | -10/Mines | Reached level 2 402 | -10/Mines | Assisted by a Guerilla fighting off Assembled 470 | -10/Mines | Discovered new exit (range 6) 507 | -10/Mines | Core integrity fell below 50% 513 | -10/Mines | Core integrity fell below 20% 571 | -10/Mines | Received a Rocket Launcher from a helpful Derelict 581 | -10/Mines | Discovered new exit (range 12) 701 | -10/Mines | Build established: Skirmisher 763 | -10/Mines | Learned Materials stockpile data 828 | -10/Mines | Learned location of Mines (-9) 868 | -10/Mines | Met a Derelict testing a Signal Generator 956 | -10/Mines | Met a Derelict shopkeep closing up shop 1011 | -10/Mines | Joined a pair of Derelicts in attacking an 0b10 outpost 1452 | -10/Mines | Found a hidden stash of uninstalled traps 1459 | -10/Mines | Discovered new exit (range 11) 1533 | -10/Mines | Deemed a non-threat by the Exiles lab entrance 1545 | -10/Mines | Entered Exiles 1545 | -10/Exiles | Accompanied by 1 ally 1589 | -10/Exiles | Met 8R-AWN 1621 | -10/Exiles | Met EX-HEX 1675 | -10/Exiles | Met EX-BIN 1701 | -10/Exiles | Aligned with FarCom system 1703 | -10/Exiles | Given EX-Vault access code 1747 | -10/Exiles | Opened EX-Vault 1762 | -10/Exiles | Found YOLO Cannon 1805 | -10/Exiles | Warned to stay clear of 0b10 Research branches 1855 | -10/Exiles | Met EX-DEC 1933 | -10/Exiles | Discovered new exit (range 10) 1948 | -10/Exiles | Left Exiles lab with YOLO Cannon 1948 | -10/Exiles | Entered Mines 1948 | -9/Mines | Accompanied by 1 ally 1950 | -9/Mines | Reached level 3 2300 | -9/Mines | Discovered new exit (range 17) 2330 | -9/Mines | Entered Materials 2330 | -8/Materials | Accompanied by 1 ally 2332 | -8/Materials | Reached level 4 2332 | -8/Materials | Upgraded with Propulsion slot (x1) 2528 | -8/Materials | Reached level 5 2532 | -8/Materials | Upgraded with Utility slot (x1) 2577 | -8/Materials | Core integrity fell below 50% 2584 | -8/Materials | Core integrity fell below 20% 2588 | -8/Materials | Destroyed by G-50 Soldier with Heavy Laser Last Messages --------------- 02571_ Destroyed Wheel. 02573_ Lgt. Deuterium Engine severed. 02573_ U-05 Engineer lays Concrete. 02575_ Purification Channel disabled. 02575_ G-47 Trooper destroyed. 02575_ Wheel melted. 02575_ K-01 Serf destroyed. 02575_ U-05 Engineer builds a Wall. 02579_ Particle Gun melted. 02579_ G-47 Trooper destroyed. 02579_ Destroyed Power Amplifier. 02579_ U-05 Engineer lays Concrete. 02580_ Critical hit (Burn: +37). 02580_ U-05 Engineer builds a Wall. 02583_ Destroyed Imp. Aluminum Leg. 02583_ Destroyed Katana. 02583_ Melee Analysis Suite melted. 02583_ L-31 Rogue destroyed. 02583_ G-47 Trooper destroyed. 02583_ U-05 Engineer destroyed. Map ----- +----------------------------------------------------+ | ???????????????????????????????????????????????? | | ? ??????????????]?????????????????????????????? | | ?? ? ??????????????????????????????????????????? | | ?? ?? ?????????????????????????????????????????? | | ?????????????????????????????????????????? | | ? ? ?? ????????????????????????????????????????? | | ### ?##??#???????????????????????????????????????? | | ##??# ??????????????????????????????????????????? | | #?# #?? ??????????????? T #?????????????????????? | | ### ????????????????? ; ???????????????????? | | ##??#?? ?????????????# ; ???????????????????? | | ### # ????? ???????#;; ;;;+#####??????????????? | | ##? # ?? ? ##?w??##;; ??????????????? | | ### # ?? ##? ###%% ?? ??????????? | | ### # ? ### ##% gg ??????????? | | ###+###?#########+##? " #???????????? | | # ## """ #???????????? | | """ """# ## ;; != " #???????????? | | """ R"# * ### %;;%!% " #???????????? | | """ """# #####; [ ##??????????? | | # [ ####; % ##??????????? | | # #### = ## ?????????? | | ! # #### ## ""???????? | | # #### !%+ "????????? | | ####+######/###########;; =% ##??????????? | | !%=@ ** g ##??????????? | | ########;;* b iT####?##??????????? | | #####?## [* ######? "?????????? | | ##+################### ; ####### "??????????? | | # ############### #?##### ?""?????????? | | + T ? #?#######?##### # ? # ""?????????? | | ### #########?##### # ? "?????????? | | # ? #?####?######## # ? #?? ??????????? | | # ############### # ? # ??????????? | | # """ ?#?############ # ? ????????????? | | # """?? #######?####### # ? ?#????????????? | | # """ ?############### + #?????????????? | | # ? ##??#####?##?## # ??????????????? | | ###### ###??#?########?? # ???????????????? | | #########?#???????#??##?#? # ?????????????????? | | #####?????????????#??#?? #???????????????????? | | ""#####??????????????????? #???????????????????? | | ""##??##?????????????????? ????????????????????? | | ""#####?#????????????????? ????????????????????? | | #####??????????????????????????????????????????? | | ###?##?????????????????????????????????????????? | | #######??????????????????????????????????????????? | | #######??????????????????????????????????????????? | | #######??????????????????????????????????????????? | | ?###??#??????????????????????????????????????????? | +----------------------------------------------------+ Best States ------------- Heat Dissipation 63 Energy Generation 24 Energy Capacity 500 Matter Stores 300 Matter Capacity 300 Sight Range 18 Terrain Scan Range 14 Terrain Scan Density 410 Resistance: KI 5 Resistance: TH 5 Resistance: EX 5 Evasion (%) 55 Item Schematics ----------------- None Robot Schematics ------------------ None Fabricated ------------ Nothing Alien Tech Used ----------------- None Achievements -------------- None Challenges ------------ None RPGLIKE | -11 -10 -10 -10 -9 -8 --------- Run | Scr Mat Min Exi Min Mat Levels Raised 4 | . . 1 . 1 2 XP Earned 9901 | 3000 1260 1161 350 500 3630 XP Spent 9000 | 2970 . 1490 . 1535 3005 Upgrades 37 | 12 . 7 . 9 9 Propulsion Slot 1 | . . . . . 1 Utility Slot 1 | . . . . . 1 Weapon Slot 2 | 2 . . . . . Core Integrity 4 | . . . . 3 1 Heat Dissipation 6 | 4 . . . 2 . Energy Generation 2 | . . . . 2 . Energy Storage 5 | 5 . . . . . Mass Support 1 | 1 . . . . . Inventory Capacity 2 | . . . . . 2 Sight Range 2 | . . . . 1 1 Terrain Scan Density 4 | . . 4 . . . Ranged Accuracy 3 | . . 2 . . 1 KI Resistance % 1 | . . 1 . . . TH Resistance % 1 | . . . . . 1 EX Resistance % 1 | . . . . . 1 TH Damage % 1 | . . . . 1 . Protomatter Created 358 | . 60 136 . . 162 Integrity Restored 840 | . 54 786 . . . Core 825 | . 54 771 . . . Parts 15 | . . 15 . . . Protomatter Decayed 169 | . 42 127 . . . Game ------ Seed MetafiberMasterTearclaws Manual? 0 Play Time 00:20:08 Cumulative 91.5 hours Start 2022.04.17 @ 01:59:58 End 2022.04.17 @ 02:20:07 Sessions 1 Manual Loads 0 Difficulty Rogue Special Mode Winter2019/RPGLIKE Game No. 110 Rogue 110 Adventurer 0 Explorer 0 Win Type - Total 3 Types 3/0/0/0/0/0/0/0/0 Lore% 51 Gallery% 57 Achievement% 43 Wizard Run 0 Options --------- ASCII 1 Keyboard 1 Movement Numpad Keybinds 0 Fullscreen 1 Font 18/X11 Map View 76x50 Tactical HUD 1 Map Filters NONE Filters NONE Steam 1 RUN: 7f7f9d40-174d-4fe7-9528-91e6f83a9e47